 Dungeon Sprint DCSS version 0.23.2-30-g0e89c35649 (webtiles) character file.

Game seed: 7813084082215023874

1566 HASTUR3 the Martial Artist (level 8, -8/39 HPs)
             Began as a Vine Stalker Monk on June 18, 2019.
             Was an Elder of Cheibriados.
             Shot with an arrow by a centaur warrior (13 damage)
             ... in the Dungeon (Sprint IX: "|||||||||||||||||||||||||||||").
             The game lasted 00:03:14 (753 turns).

HASTUR3 the Martial Artist (Vine Stalker Monk)       Turns: 753, Time: 00:03:14

Health: -8/39      AC: 13    Str: 29    XL:     8   Next: 90%
Magic:  0/16       EV: 14    Int: 20    God:    Cheibriados [****..]
Gold:   0          SH:  0    Dex: 27    Spells: 7/7 levels left

rFire    . . .     SeeInvis .     - Unarmed
rCold    . . .     Gourm    .   (no shield)
rNeg     . . .     Faith    .   k - +1 chain mail
rPois    .         Spirit   +   j - +0 helmet
rElec    .         Reflect  .   (no cloak)
rCorr    .         Harm     .   (no gloves)
MR       +....     NoTele   +   n - +0 pair of boots
Stlth    ..........             (no amulet)
HPRegen  0.53/turn              l - +2 ring of protection
MPRegen  0.15/turn              m - +3 ring of strength

@: very slightly contaminated, invisible, very slow
A: fangs 3, regeneration 1, magic shield, antimagic bite, no potion heal 3, rot
immunity
a: Bend Time, Temporal Distortion, Slouch, Renounce Religion


You were in the Dungeon.
You worshipped Cheibriados.
Cheibriados was greatly pleased with you.
You were not hungry.

You visited 1 branch

Inventory:

Armour
 j - a +0 helmet (worn)
 k - a +1 chain mail (worn)
 n - a +0 pair of boots (worn)
Jewellery
 l - a +2 ring of protection (left hand)
 m - a +3 ring of strength (right hand)
Wands
 i - a wand of iceblast (10)
Scrolls
 d - 3 scrolls of remove curse
 e - 2 scrolls of amnesia
 h - 2 scrolls of blinking
Potions
 c - 5 potions of curing
 f - 4 potions of magic
Comestibles
 a - 3 chunks of flesh
 b - a ration


   Skills:
 - Level 2.6 Fighting
 - Level 6.5 Dodging
 - Level 2.4 Stealth
 + Level 14.3 Unarmed Combat
 - Level 10.4 Invocations


You had 7 spell levels left.
You didn't know any spells.
Your spell library was empty.

Dungeon Overview and Level Annotations

Branches:
Dungeon (1/1)

Altars:
Cheibriados
Dithmenos
Elyvilon
Fedhas
Gozag
Hepliaklqana
Kikubaaqudgha
Makhleb
Nemelex Xobeh
Okawaru
Qazlal
Ru
Sif Muna
Trog
Uskayaw
Vehumet
Wu Jian
Xom
Yredelemnul
Zin
The Shining One
Beogh
Jiyva
Lugonu


Innate Abilities, Weirdness & Mutations

You have razor-sharp teeth.
Your natural rate of healing is unusually fast.
When hurt, damage is shared between your health and your magic reserves.
Your bite disrupts and absorbs the magic of your enemies.
Potions cannot restore your health.
You are immune to rotting.


Message History

You catch the helpless bullfrog completely off-guard!
You punch the bullfrog!
You kill the bullfrog!
Cheibriados thoroughly appreciates the change of pace.
You can now step out of the flow of time.
Cheibriados raises the support of your attributes as your movement slows.
The centaur warrior shoots an arrow.
The arrow hits you!
* * * LOW HITPOINT WARNING * * *
The centaur warrior shoots an arrow.
The arrow hits you but does no damage.
The centaur warrior shoots an arrow.
The arrow closely misses you.
There is an open door, spattered with blood here.
Items here: ( )) † an arrow; a +0 giant club x2; a two-headed ogre corpse You can feel time thicken for a moment.
You feel somewhat more hungry.
You can no longer step out of the flow of time.
Cheibriados lowers the support of your attributes as your movement quickens.
The centaur warrior shoots an arrow.
The arrow closely misses you.
The centaur warrior shoots an arrow.
The arrow closely misses you.
The centaur warrior shoots an arrow.
The arrow hits you!
You die...

▓'▓
▓.▓
▓.▓
▓(▓
▓.▓
▓.▓
▓(▓
▓(▓
▓@▓
▓.▓
▓.▓
▓c▓
▓.▓
▓.▓
▓+▓


You could see a centaur warrior.

Vanquished Creatures
  A centaur warrior (D)
  A two-headed ogre (D)
  A necrophage (D)
  A bullfrog (D)
  A wight (D)
  A jelly (D)
  A hound (D)
  A gnoll (D)
  2 shadow imps (D)
  An adder skeleton (D)
  A leopard gecko (D)
  3 orcs (D)
  3 bats (D)
  A bat zombie (D)
  A hobgoblin (D)
20 creatures vanquished.

Vanquished Creatures (others)
  An ogre (D)
1 creature vanquished.

Grand Total: 21 creatures vanquished

Notes
Turn   | Place    | Note
-------+----------+-------------------------------------------
     0 | D        | HASTUR3 the Vine Stalker Monk began the quest for the Orb.
     0 | D        | Reached XP level 1. HP: 11/11 MP: 2/2
   317 | D        | Reached skill level 4 in Unarmed Combat
   317 | D        | Reached XP level 2. HP: 2/16 MP: 0/3
   323 | D        | Reached skill level 5 in Unarmed Combat
   323 | D        | Reached XP level 3. HP: 3/19 MP: 0/4
   591 | D        | Found a roughly hewn altar of Beogh.
   591 | D        | Found a snail-covered altar of Cheibriados.
   591 | D        | Found a shadowy altar of Dithmenos.
   591 | D        | Found a white marble altar of Elyvilon.
   591 | D        | Found a blossoming altar of Fedhas.
   591 | D        | Found an opulent altar of Gozag.
   592 | D        | Found a hazy altar of Hepliaklqana.
   593 | D        | Found a viscous altar of Jiyva.
   594 | D        | Found an ancient bone altar of Kikubaaqudgha.
   595 | D        | Became a worshipper of Cheibriados the Contemplative
   595 | D        | Reached * piety under Cheibriados
   595 | D        | Reached ** piety under Cheibriados
   596 | D        | Found a corrupted altar of Lugonu.
   597 | D        | Found a burning altar of Makhleb.
   598 | D        | Found a sparkling altar of Nemelex Xobeh.
   599 | D        | Found an iron altar of Okawaru.
   600 | D        | Found a stormy altar of Qazlal.
   601 | D        | Found a sacrificial altar of Ru.
   602 | D        | Found a deep blue altar of Sif Muna.
   603 | D        | Found a bloodstained altar of Trog.
   604 | D        | Found a hide-covered altar of Uskayaw.
   605 | D        | Found a radiant altar of Vehumet.
   606 | D        | Found an ornate altar of the Wu Jian Council.
   607 | D        | Found a shimmering altar of Xom.
   608 | D        | Found a basalt altar of Yredelemnul.
   609 | D        | Found a glowing silver altar of Zin.
   610 | D        | Found a glowing golden altar of the Shining One.
   680 | D        | Noticed a necrophage
   687 | D        | Killed a necrophage
   687 | D        | Reached skill level 5 in Dodging
   687 | D        | Reached skill level 6 in Unarmed Combat
   687 | D        | Gained mutation: Your natural rate of healing is unusually
                  | fast. [Vine Stalker growth]
   687 | D        | Reached XP level 4. HP: 18/23 MP: 3/7
   687 | D        | Reached XP level 5. HP: 21/27 MP: 3/8
   696 | D        | Reached skill level 7 in Unarmed Combat
   708 | D        | Reached *** piety under Cheibriados
   708 | D        | Reached skill level 5 in Invocations
   710 | D        | Reached XP level 6. HP: 22/32 MP: 7/11
   725 | D        | Noticed a centaur warrior
   725 | D        | Noticed a two-headed ogre
   725 | D        | Noticed a centaur warrior
   736 | D        | Killed a centaur warrior
   736 | D        | Reached **** piety under Cheibriados
   736 | D        | Reached skill level 11 in Unarmed Combat
   736 | D        | Reached skill level 10 in Invocations
   736 | D        | Reached XP level 7. HP: 22/35 MP: 11/15
   736 | D        | Gained mutation: You have razor-sharp teeth. [Vine Stalker
                  | growth]
   736 | D        | Reached XP level 8. HP: 24/39 MP: 11/16
   744 | D        | Killed a two-headed ogre
   744 | D        | Reached skill level 14 in Unarmed Combat
   750 | D        | Reached ***** piety under Cheibriados
   753 | D        | Shot with an arrow by a centaur warrior

Skill      XL: |  1  2  3  4  5  6  7  8 |
---------------+-------------------------+-----
Dodging        | 3 4 5 6 |  6.5
Unarmed Combat | 4 5 6 7 11 14 | 14.3
Invocations    | 3 5 10 | 10.4
Fighting       | |  2.6
Stealth        | |  2.4

Action                   |  1- 3 |  4- 6 |  7- 9 || total
-------------------------+-------+-------+-------++-------
Melee: Unarmed           |    36 |    29 |    11 ||    76
       Bite              |    15 |    16 |     3 ||    34
       Punch             |     1 |     1 |       ||     2
Invok: Slouch            |       |       |     1 ||     1
  Use: Potion            |     1 |       |     1 ||     2
 Stab: Invisible         |       |       |     1 ||     1
Armor: Robe              |     8 |       |       ||     8
       Chain mail        |     2 |     8 |     1 ||    11
Dodge: Dodged            |    32 |    13 |    11 ||    56
